 Dungeon Crawl Stone Soup version 0.26.1 (webtiles) character file.

Game seed: 2034741848596564596

26693 growler the Spry (level 13, -1/109 HPs)
             Began as a Merfolk Gladiator on Feb 4, 2021.
             Was a High Priest of Okawaru.
             Slain by a wolf spider (16 damage)
             ... on level 1 of the Lair of Beasts.
             The game lasted 00:48:38 (18994 turns).

growler the Spry (Merfolk Gladiator)               Turns: 18994, Time: 00:48:39

Health: -1/109     AC: 12    Str: 23    XL:     13   Next: 27%
Magic:  12/18      EV: 27    Int: 11    God:    Okawaru [*****.]
Gold:   2360       SH:  0    Dex: 16    Spells: 12/12 levels left

rFire    . . .     SeeInvis .   a - +0 trident
rCold    . . .     Faith    +   (no shield)
rNeg     . . .     Spirit   .   B - +0 troll leather armour
rPois    .         Reflect  .   l - +0 helmet of the Little Devil {Str+4 Int+4}
rElec    .         Harm     .   X - +1 cloak
rCorr    .         Rampage  .   O - +1 pair of gloves
Will     .....                  (no boots)
Stlth    +++.......             z - amulet of faith {!P}
HPRegen  0.68/turn              (no ring)
MPRegen  0.16/turn              (no ring)

@: lethally poisoned (-1 -> -2), heroism, finesse
A: change form in water, swift swim, stealthy swim
a: Renounce Religion, Heroism, Finesse


You were on level 1 of the Lair of Beasts.
You worshipped Okawaru.
Okawaru was extremely pleased with you.
You visited 3 branches of the dungeon, and saw 15 of its levels.
You also visited: Sewer and Bailey.

You collected 2360 gold pieces.

Inventory:

Hand Weapons
 a - a +0 trident (weapon)
 b - a +2 vorpal fustibalus
   (Okawaru gifted it to you on level 11 of the Dungeon)
 V - the +8 arc blade {discharge, rElec}
   (You found it in a bailey)

   It insulates you from electricity.
Missiles
 o - 4 throwing nets (quivered) {!f}
 H - a curare-tipped dart {!f}
 N - 7 atropa-tipped darts
 R - 2 javelins
 T - 18 boomerangs
Armour
 l - the +0 helmet of the Little Devil (worn) {Str+4 Int+4}
   (You took it off Robin on level 3 of the Dungeon)

   It affects your strength (+4).
   It affects your intelligence (+4).
 B - a +0 troll leather armour (worn)
   (You found it on level 10 of the Dungeon)
 O - a +1 pair of gloves (worn)
   (You found it on level 10 of the Dungeon)
 W - a +0 chain mail of poison resistance
   (Okawaru gifted it to you in a bailey)
 X - a +1 cloak (worn)
   (You found it on level 11 of the Dungeon)
Jewellery
 g - an uncursed amulet of faith {!P}
   (You found it on level 1 of the Dungeon)
 y - an uncursed ring of fire
   (You found it on level 5 of the Dungeon)
 z - an amulet of faith (around neck) {!P}
   (You found it on level 1 of the Dungeon)
 L - an uncursed ring of stealth {unknown}
   (You found it on level 10 of the Dungeon)
 P - a cursed amulet of inaccuracy {unknown}
   (You found it on level 11 of the Dungeon)
 U - a cursed amulet of inaccuracy {unknown}
   (You found it on level 1 of the Lair of Beasts)
Wands
 c - a wand of disintegration (9)
   (You took it off Maurice on level 8 of the Dungeon)
 d - a wand of iceblast (10)
   (You took it off Ijyb on level 3 of the Dungeon)
 t - a wand of flame (11)
   (You took it off Jessica on level 3 of the Dungeon)
 u - a wand of paralysis (31)
   (You found it on level 5 of the Dungeon)
 Q - a wand of polymorph (6)
   (You found it on level 11 of the Dungeon)
Scrolls
 e - a scroll of vulnerability {unknown}
 f - 7 scrolls of teleportation {@r4}
 i - 9 scrolls of fear
 j - 2 scrolls of amnesia {unknown}
 k - a scroll of noise {unknown}
 n - 6 scrolls of magic mapping
 p - 2 scrolls of blinking {unknown}
 q - a scroll of brand weapon {unknown}
 r - 5 scrolls of remove curse {@r2}
 v - a scroll of random uselessness {unknown}
 w - 2 scrolls of enchant weapon {unknown}
 E - a scroll of immolation {unknown}
 F - 3 scrolls of enchant armour {unknown}
 J - 2 scrolls of fog {unknown}
 K - 3 scrolls of identify {@r1}
Potions
 h - a potion of flight
 m - 3 potions of degeneration {unknown}
 s - 3 potions of brilliance {unknown}
 x - 4 potions of heal wounds {@q2}
 A - 8 potions of curing {unknown}
 C - 2 potions of cancellation {unknown}
 D - 6 potions of might {unknown}
 G - 3 potions of lignification {unknown}
 I - a potion of ambrosia {unknown}
 M - a potion of mutation {unknown}
 S - a potion of invisibility {unknown}
 Y - a potion of magic {unknown}
 Z - a potion of haste {unknown}


   Skills:
 + Level 12.9(17.9) Fighting
 - Level 14.2(19.2) Polearms
 + Level 4.5(9.5) Throwing
 + Level 5.3(10.3) Armour
 + Level 15.2(20.2) Dodging
 - Level 7.0 Invocations


You had 12 spell levels left.
You didn't know any spells.
Your spell library contained the following spells:

 Spells                   Type           Power        Failure   Level
 Freeze                   Ice            0%           36%         1
 Shock                    Conj/Air       0%           36%         1
 Swiftness                Air            0%           52%         2
 Frozen Ramparts          Ice            0%           75%         3
 Ozocubu's Armour         Ice            0%           75%         3
 Static Discharge         Conj/Air       0%           75%         3
 Airstrike                Air            0%           98%         4
 Hailstorm                Conj/Ice       0%           98%         4
 Summon Ice Beast         Ice/Summ       0%           98%         4
 Summon Lightning Spire   Summ/Air       0%           98%         4
 Lightning Bolt           Conj/Air       0%           100%        5
 Silence                  Hex/Air        0%           100%        5
 Conjure Ball Lightning   Conj/Air       0%           100%        6
 Tornado                  Air            0%           100%        9


Dungeon Overview and Level Annotations

Branches:
Dungeon (12/15)            Temple (1/1) D:7            Lair (2/6) D:11
    Orc (0/2) D:9           Sewer (visited)          Bailey (visited)
  Swamp: Lair:2-4    Shoals: Lair:2-4     Snake: Lair:2-4    Spider: Lair:2-4

Altars:
Ashenzari
Cheibriados
Dithmenos
Elyvilon
Fedhas
Gozag
Hepliaklqana
Kikubaaqudgha
Makhleb
Nemelex Xobeh
Okawaru
Qazlal
Ru
Sif Muna
Trog
Uskayaw
Vehumet
Wu Jian
Xom
Yredelemnul
Zin
The Shining One

Annotations:
D:5 2 transporters
D:7 2 transporters, jlumianski's ghost, novice PaFi


Message History

The wolf spider completely misses you.
You hit the wolf spider.
You feel sick. The wolf spider closely misses you.
The wolf spider completely misses you.
You barely miss the wolf spider. You hit the wolf spider.
The wolf spider hits you.
* * * LOW HITPOINT WARNING * * *
The wolf spider bites you!
* * * LOW HITPOINT WARNING * * *
You hit the wolf spider but do no damage.
You feel sick.
You hit the wolf spider. The wolf spider misses you.
The wolf spider completely misses you.
You barely miss the wolf spider.
You feel sick.
You impale the wolf spider!!
The wolf spider completely misses you. x2
You hit the wolf spider. You puncture the wolf spider!
You feel sick.
You hit the wolf spider but do no damage.
The wolf spider hits you!!
* * * LOW HITPOINT WARNING * * *
The wolf spider completely misses you.
You puncture the wolf spider!
You kill the wolf spider!
Okawaru accepts your kill. Something appears at your feet!
Okawaru grants you a weapon!
You feel sick.
Really fire
o - 6 throwing nets {!f}?
Throw: 6 throwing nets {!f}
Aim: a wolf spider (71% to hit)
You throw a throwing net {!f}.
The throwing net {!f} hits the wolf spider.
The wolf spider is caught in the net!
The wolf spider struggles against the net.
You feel sick.
The wolf spider struggles against the net.
You see here a wolf spider corpse.
You puncture the wolf spider! You puncture the wolf spider!
You feel sick.
The wolf spider struggles against the net.
The net rips apart, and the wolf spider comes free!
You hit the wolf spider. You closely miss the wolf spider.
The wolf spider completely misses you. x2
Really fire
o - 5 throwing nets {!f}?
Throw: 5 throwing nets {!f}
Aim: a wolf spider (moderately wounded, 71% to hit)
You throw a throwing net {!f}.
The throwing net {!f} barely misses the wolf spider.
You feel sick.
You barely miss the wolf spider. The wolf spider hits you!
You die...

########.####.###.#####
##.....#...............#
#.........######.###.#.#
##.......## ### ##..#
#.....### ##.## #.....##
####.... ####.>..#.##
#######...#...
#.........s#
#...........#.
#..##...##@#
#...#######.#.
#.####.###)# #.###
#...... #.# ##.##..#
#.## #.##.P. #.#
#P.###.###..# #†####.
#.# ##..#..##P.## #.# #.
#.####...#.###.## #.#
##. #..##..#.#.##...#
#.###..
##.######...###.##
#.#.#..
#P.#.##PP.#.##..#
#.##...


You could see a wolf spider.

Vanquished Creatures
  2 hydras
  Harold (D:8)
  Erica (D:8)
  2 two-headed ogres
  2 orc high priests (Bailey)
  A wolf spider (Lair:1)
  4 orc knights (Bailey)
  A cyclops (D:11)
  An ugly thing (D:12)
  2 manticores
  Maurice (D:8)
  A black mamba (Lair:2)
  5 cane toads
  4 komodo dragons
  2 trolls
  6 polar bears
  Prince Ribbit (D:5)
  8 blink frogs (Lair:2)
  A wyvern (Lair:1)
  14 yaks (D:11)
  A water elemental (D:11)
  A wraith (D:11)
  Eustachio (D:5)
  2 steam dragons
  Menkaure (D:6)
  4 water moccasins
  4 ice beasts
  4 black bears
  A sky beast (D:9)
  9 orc warriors
  2 necrophages
  8 centaurs
  3 phantoms
  3 wolves (D:11)
  7 ogres
  A big kobold (D:10)
  Blork the orc (D:5)
  8 bullfrogs
  A wyvern zombie (D:11)
  2 scorpions
  3 killer bees
  20 wights
  10 electric eels
  3 howler monkeys
  5 centaur zombies
  10 hounds
  2 jellies
  A quasit (D:10)
  A gnoll shaman (D:6)
  2 orc priests
  3 centaur skeletons
  Jessica (D:3)
  5 iguanas
  3 orc wizards (D:7)
  Ijyb (D:3)
  11 worker ants
  2 hound skeletons (D:7)
  2 hound zombies
  Robin (D:3)
  2 worker ant zombies
  25 gnolls
  16 adders
  3 river rats (Sewer)
  A shadow imp (D:8)
  A white imp (D:10)
  3 ufetubi
  3 oozes
  2 adder zombies
  A worm (D:2)
  8 leopard geckos
  39 orcs
  5 ball pythons
  7 giant cockroaches
  23 goblins
  20 hobgoblins
  7 jackals
  2 quokkas
  7 bats
  13 frilled lizards
  A jackal skeleton (D:8)
  11 kobolds
  2 leopard gecko zombies
  A quokka skeleton (D:5)
  22 rats
435 creatures vanquished.

Vanquished Creatures (others)
  A hound (D:11)
  15 fungi
  19 plants
  3 toadstools (D:7)
38 creatures vanquished.

Grand Total: 473 creatures vanquished

Notes
Turn   | Place    | Note
-------+----------+-------------------------------------------
     0 | D:1      | growler the Merfolk Gladiator began the quest for the Orb.
     0 | D:1      | Reached XP level 1. HP: 16/16 MP: 1/1
   201 | D:1      | Reached XP level 2. HP: 23/23 MP: 2/2
   945 | D:2      | Reached skill level 5 in Polearms
   945 | D:2      | Reached XP level 3. HP: 28/28 MP: 3/3
  1043 | D:2      | Reached XP level 4. HP: 18/35 MP: 4/4
  1056 | D:2      | Reached skill level 5 in Dodging
  1917 | D:3      | Identified the cursed +0 helmet of the Little Devil {Str+4
                  | Int+4}
  1917 | D:3      | Noticed Robin
  1931 | D:3      | Reached XP level 5. HP: 29/41 MP: 5/5
  1948 | D:3      | Killed Robin
  2521 | D:3      | Noticed Ijyb
  2539 | D:3      | Killed Ijyb
  2922 | D:3      | Found a faded altar of an unknown god.
  2944 | D:3      | Noticed Jessica
  2951 | D:3      | Killed Jessica
  2952 | D:3      | Reached XP level 6. HP: 32/48 MP: 6/6
  3430 | D:4      | Found a basalt altar of Yredelemnul.
  3576 | D:4      | Reached skill level 6 in Dodging
  3811 | D:4      | Reached XP level 7. HP: 45/55 MP: 7/7
  4414 | D:5      | Entered Level 5 of the Dungeon
  4506 | D:5      | Found a glowing drain.
  4529 | Sewer    | Entered a sewer
  4564 | Sewer    | Reached skill level 5 in Fighting
  5131 | D:5      | Reached skill level 7 in Dodging
  5166 | D:5      | Noticed Blork the orc
  5180 | D:5      | Killed Blork the orc
  5303 | D:5      | Found a transporter.
  5320 | D:5      | Reached XP level 8. HP: 36/63 MP: 8/8
  5691 | D:5      | Found a transporter.
  5739 | D:5      | Reached skill level 10 in Polearms
  6121 | D:5      | Noticed Prince Ribbit
  6141 | D:5      | Killed Prince Ribbit
  6142 | D:5      | Reached skill level 8 in Dodging
  6302 | D:5      | Noticed Eustachio
  6324 | D:5      | Killed Eustachio
  6674 | D:6      | Upgraded the game from 0.26.0-91-g99b343417d to 0.26.1
  6751 | D:6      | Reached XP level 9. HP: 64/71 MP: 9/9
  7118 | D:6      | Reached skill level 9 in Dodging
  7775 | D:6      | Noticed Menkaure
  7790 | D:6      | Killed Menkaure
  8079 | D:7      | Found a transporter.
  8090 | D:7      | Noticed jlumianski's ghost (novice PaFi)
  8135 | D:7      | Found a transporter.
  8208 | D:7      | Found a staircase to the Ecumenical Temple.
  8236 | Temple   | Entered the Ecumenical Temple
  8371 | Temple   | Became a worshipper of Warmaster Okawaru
  8443 | D:7      | Got an ebony long sword
  8830 | D:7      | Reached * piety under Okawaru
  8999 | D:7      | Reached XP level 10. HP: 40/80 MP: 8/10
  9221 | D:7      | Reached skill level 10 in Dodging
  9705 | D:8      | Noticed Maurice
  9741 | D:8      | Killed Maurice
  9742 | D:8      | Reached skill level 1 in Invocations
 10006 | D:8      | Reached ** piety under Okawaru
 10109 | D:8      | Noticed a manticore
 10126 | D:8      | Killed a manticore
 10522 | D:8      | Noticed Erica
 10534 | D:8      | Killed Erica
 10717 | D:8      | Reached *** piety under Okawaru
 10845 | D:8      | Found a sparkling altar of Nemelex Xobeh.
 10852 | D:8      | Reached skill level 11 in Dodging
 10999 | D:8      | Noticed Harold
 11036 | D:8      | Killed Harold
 11036 | D:8      | Reached **** piety under Okawaru
 11544 | D:9      | Found a staircase to the Orcish Mines.
 11686 | D:9      | Received a gift from Okawaru
 11729 | D:9      | Noticed a two-headed ogre
 11739 | D:9      | Killed a two-headed ogre
 11740 | D:9      | Reached skill level 5 in Invocations
 11740 | D:9      | Reached XP level 11. HP: 67/90 MP: 11/15
 12725 | D:10     | Entered Level 10 of the Dungeon
 12792 | D:10     | Reached skill level 10 in Fighting
 12792 | D:10     | Reached skill level 12 in Dodging
 13200 | D:10     | Received a gift from Okawaru
 13320 | D:10     | Noticed a two-headed ogre
 13334 | D:10     | Killed a two-headed ogre
 13334 | D:10     | Reached ***** piety under Okawaru
 14379 | D:11     | Reached skill level 13 in Dodging
 14451 | D:11     | Found a staircase to the Lair.
 14466 | D:11     | Received a gift from Okawaru
 14486 | D:11     | Reached skill level 1 in Armour
 14624 | D:11     | Noticed a seven-headed hydra
 14686 | D:11     | Killed a seven-headed hydra
 14691 | D:11     | Reached XP level 12. HP: 100/100 MP: 10/17
 15303 | D:11     | Received a gift from Okawaru
 15334 | D:11     | You fall into a shaft and drop 1 floor!
 15718 | D:12     | Found a flagged portal.
 15743 | Bailey   | Entered a bailey
 15937 | Bailey   | Reached skill level 14 in Dodging
 16057 | Bailey   | Received a gift from Okawaru
 16098 | Bailey   | Noticed an orc high priest
 16098 | Bailey   | Noticed an orc high priest
 16099 | Bailey   | Found an iron altar of Okawaru.
 16121 | Bailey   | Killed an orc high priest
 16133 | Bailey   | Killed an orc high priest
 16332 | Bailey   | Found the +8 arc blade {discharge, rElec}
 16369 | Bailey   | Received a gift from Okawaru
 16963 | Lair:1   | Entered Level 1 of the Lair of Beasts
 16995 | Lair:1   | Acquired 1174 gold pieces
 18041 | Lair:2   | Noticed an eight-headed hydra
 18051 | Lair:2   | Killed an eight-headed hydra
 18052 | Lair:2   | Reached XP level 13. HP: 109/109 MP: 10/18
 18295 | Lair:2   | Reached skill level 15 in Dodging
 18315 | Lair:2   | Reached skill level 5 in Armour
 18986 | Lair:1   | Received a gift from Okawaru
 18994 | Lair:1   | Slain by a wolf spider

Illustrated notes

Levels and vault maps discovered:
D:1:      lemuel_arrival_cross, layout_loops_ring, serial_forest,
          infiniplex_forest_corner_2, infiniplex_forest_diagonal,
          infiniplex_forest_clump_double, infiniplex_forest_clump_small,
          infiniplex_forest_split, infiniplex_forest_lined_room_2,
          infiniplex_forest_straight_4, infiniplex_forest_lined_3, minivault_4,
          serial_bayou_pond_c, minmay_pentomino_u4
D:2:      layout_loops_ring
D:3:      layout_loops_cross, chequers_ecumenical_altar_simple_redux,
          uniq_jessica, uniq_ijyb, uniq_robin
D:4:      layout_rooms, yredelemnul_altar_generic, minmay_lizard_king
D:5:      gammafunk_wand_slinger, layout_cave_pods, portal_sewer_entry_b,
          hangedman_abyss_or_decor_jellyfish_corner, minmay_misc_feat_square,
          grunt_ministairs_13, nrook_uturn, uniq_prince_ribbit1, uniq_eustachio,
          uniq_blork_the_orc
D:6:      layout_cave_pools, uniq_menkaure
D:7:      layout_basic, temple_doors_e, gammafunk_ghost_stat_death,
          minmay_gold_behind_fungi
D:8:      layout_loops_corners, nemelex_diamond_rough_becter, uniq_erica,
          uniq_maurice, uniq_harold
D:9:      layout_basic, orc_0_dummy
D:10:     layout_gridville, grunt_decor_arrowhead
D:11:     layout_loops_ring, erik_lair_island, grunt_decor_one_mirror,
          st_stairs_5
D:12:     layout_basic, gammafunk_ghost_cemetery, enter_bailey_5, uniq_erolcha
Temple:   nicolae_temple_the_god_donut
Lair:1:   layout_loops_ring
Lair:2:   layout_chaotic_city, minmay_shoals_entry_hut,
          spider_nest_entry_funnel_web, cheibrodos_lair_lostbears

Skill      XL: |  1  2  3  4  5  6  7  8  9 10 11 12 13 |
---------------+----------------------------------------+-----
Polearms       | 5 6 7 8 9 11 13 14 | 14.2
Fighting       | 3 4 5 6 7 9 11 12 | 12.9
Dodging        | 5 6 7 8 9 11 13 14 15 | 15.2
Invocations    | 5 7 |  7.0
Armour         | 2 4 5 |  5.3
Throwing       | 3 4 |  4.5

Action                   |  1- 3 |  4- 6 |  7- 9 | 10-12 | 13-15 || total
-------------------------+-------+-------+-------+-------+-------++-------
Melee: Trident           |    65 |   249 |   516 |  1207 |   202 ||  2239
       Punch             |       |       |       |     6 |     2 ||     8
Throw: Throwing net      |       |       |     1 |       |     2 ||     3
       Dart              |       |       |       |     4 |       ||     4
       Javelin           |       |       |       |     1 |       ||     1
Invok: Heroism           |       |       |       |    15 |     2 ||    17
       Finesse           |       |       |       |     3 |     2 ||     5
Evoke: Wand              |       |       |     1 |    13 |       ||    14
  Use: Scroll            |       |       |       |     9 |       ||     9
 Stab: Sleeping          |     2 |     4 |     8 |     6 |       ||    20
       Distracted        |       |     1 |       |     1 |       ||     2
       Held in net/web   |       |       |     2 |       |       ||     2
Armor: Leather armour    |    15 |    31 |    33 |    37 |       ||   116
       Troll leather arm |       |       |       |    64 |    27 ||    91
Dodge: Dodged            |    30 |   189 |   305 |   801 |   194 ||  1519
